 Dungeon Crawl Stone Soup version 0.20-a0-339-g8ddb3e8 (webtiles) character file.

79223 AlphabetPasta the Markscentaur (level 15, -12/193 HPs)
             Began as a Centaur Berserker on Dec 21, 2016.
             Was the Champion of Trog.
             Mangled by a cyclops (15 damage)
             ... on level 1 of the Orcish Mines on Dec 22, 2016.
             The game lasted 02:06:10 (28499 turns).

AlphabetPasta the Markscentaur (Centaur Berserker) Turns: 28499, Time: 02:06:11

Health: -12/193    AC: 27    Str: 34    XL:     15   Next: 20%
Magic:  21/21      EV: 14    Int:  8    God:    Trog [******]
Gold:   2050       SH:  0    Dex: 17    Spells: 14/14 levels left

rFire  . . .     SeeInvis +     a - +1 broad axe (chop)
rCold  + . .     Gourm    .     K - +4 scale mail of the Ban {MR++ Str+6 SInv}
rNeg   . . .     Faith    .     (no shield)
rPois  +         Spirit   .     X - +3 crown of Dyrovepreva {rElec Int+2 SInv}
rElec  +         Reflect  .     E - +2 cloak
rCorr  .         Harm     .     Y - +1 pair of gloves
MR     +++..                    s - +0 centaur barding "Fanan" {rC+}
Stlth  ..........               (no amulet)
                                U - ring of flight
                                f - ring of poison resistance

@: agile, berserking, studying Armour, very quick
A: hooves 3, deformed body, speed 2, tough skin 3
a: Berserk, Trog's Hand, Brothers in Arms, Burn Spellbooks, Renounce Religion,
Evoke Flight


You were on level 1 of the Orcish Mines.
You worshipped Trog.
Trog was exalted by your worship.
You were very hungry.

You visited 3 branches of the dungeon, and saw 19 of its levels.
You also visited: Ossuary and Ice Cave.

You collected 2050 gold pieces.

Inventory:

Hand Weapons
 a - a +1 broad axe of chopping (weapon)
 b - a +2 longbow of freezing
 C - a +1 flail of crushing
 H - a +0 battleaxe
 R - a +1 executioner's axe of electrocution
Missiles
 n - 146 arrows
Armour
 d - a +2 chain mail of magic resistance
 s - the +0 centaur barding "Fanan" (worn) {rC+}
   (You acquired it in an ice cave)

   It protects you from cold.
 E - a +2 cloak (worn)
 K - the +4 scale mail of the Ban (worn) {MR++ Str+6 SInv}
   (You found it in an ice cave)

   It affects your strength (+6).
   It affects your resistance to hostile enchantments.
   It lets you see invisible.
 X - the +3 crown of Dyrovepreva (worn) {rElec Int+2 SInv}
   (You found it on level 6 of the Lair of Beasts)

   It affects your intelligence (+2).
   It insulates you from electricity.
   It lets you see invisible.
 Y - a +1 pair of gloves (worn)
Jewellery
 f - a ring of poison resistance (left hand)
 h - an uncursed ring of protection from magic
 k - a +4 ring of protection
 w - an uncursed ring of fire
 J - an uncursed ring of resist corrosion
 U - a ring of flight (right hand)
Wands
 g - a wand of acid (6/15)
 m - a wand of lightning (5/15)
 p - a wand of confusion (3/48)
 x - a wand of iceblast (3/15)
 G - a wand of confusion (30/48)
 I - a wand of paralysis (10/24)
 P - a wand of flame (37/48)
 T - a wand of digging (4/24)
 V - a wand of slowing (32/48)
Scrolls
 e - 14 scrolls of remove curse
 i - a scroll of fear
 o - 9 scrolls of teleportation
 t - 6 scrolls of recharging
 y - 5 scrolls of enchant weapon
 N - a scroll of blinking
 O - 2 scrolls of magic mapping
 Q - 4 scrolls of enchant armour
Potions
 l - a potion of invisibility
 v - 2 potions of curing
 A - a potion of heal wounds
 D - 3 potions of resistance
 F - a potion of haste
 S - a potion of flight {unknown}
 W - a potion of berserk rage {unknown}
Books
 u - a manual of Armour
Comestibles
 c - 2 bread rations
 j - 2 beef jerkies
 q - 11 fruits
 r - 7 chunks of flesh
 z - 11 meat rations
 L - 10 royal jellies


   Skills:
 + Level 11.0 Fighting
 * Level 13.8 Axes
 * Level 16.9 Bows
 + Level 10.0 Armour
 - Level 3.8 Dodging
 - Level 9.0 Evocations


You had 14 spell levels left.
You didn't know any spells.

Dungeon Overview and Level Annotations

Branches:
Dungeon (12/15)            Temple (0/1) D:4            Lair (6/6) D:11
  Swamp (0/4) Lair:2       Spider (0/4) Lair:2        Slime (0/5) Lair:6
    Orc (1/2) D:10

Altars:
Ashenzari
Fedhas
Gozag
Sif Muna
Zin
The Shining One
Beogh

Shops:
D:5 :


Innate Abilities, Weirdness & Mutations

You have hooves in place of feet.
Armour fits poorly on your strangely shaped body.
You cover ground very quickly.
You have extremely tough skin. (AC +3)


Message History

You slash the cyclops! You kick the cyclops.
The cyclops is moderately wounded.
You barely miss the cyclops. The cyclops hits you.
* * * LOW HITPOINT WARNING * * *
The cyclops hits you but does no damage.
The gnoll closely misses you.
Unknown command.
Things that are here:
a dire flail x2; an ettin corpse You slice the cyclops!!
You kick the cyclops!
The cyclops is almost dead.
You slice the gnoll!!
You kill the gnoll!
Trog accepts your kill.
You slash the cyclops! You slice the cyclops!!
You kill the cyclops!
Trog accepts your kill. The gnoll closely misses you.
The cyclops barely misses you. The cyclops hits you!
You die...

#...'..##.##.# #...
#...#####.##.###...
#.(.# #..####....
#...# #..# ##....
##'## #..###.....
#)# #...##.P..# #)#
#...#.....#
##)##'####..#......
#(@Cg...##.........
#.C)....###........
#.......# #........
#.......# #........
#.......# #..P.....
#.......# ##.......
#.......# ##......
#.......' #.......
##......


You could see 2 cyclopes and a gnoll.

Vanquished Creatures
  A fire giant (Orc:1)
  2 entropy weavers (Lair:4)
  Snorg (Orc:1)
  3 ettins (Orc:1)
  6 hydras
  6 two-headed ogres
  3 death yaks (Lair:5)
  An orc high priest (Orc:1)
  A queen ant (Lair:4)
  14 spriggans (Lair:6)
  Sonja (Lair:3)
  2 unseen horrors
  A necromancer (IceCv)
  2 ugly things
  A deep elf mage (D:11)
  12 cyclopes
  A manticore (D:12)
  4 elephants
  Maurice (Orc:1)
  4 black mambas
  2 ice statues (IceCv)
  14 spiny frogs
  A centaur skeleton (D:8)
  3 komodo dragons
  3 rime drakes
  7 ice devils
  5 trolls
  2 polar bears (Lair:6)
  5 hornets (Lair:6)
  22 blink frogs
  9 hippogriffs
  A slime creature (D:12)
  18 dream sheep
  A redback (Lair:2)
  The ghost of BigBall the Chiller, an amateur DEIE of Ashenzari (Ossuary)
  A wraith (D:11)
  3 wyverns
  53 yaks
  A hungry ghost (D:12)
  4 basilisks
  3 wargs (Orc:1)
  3 vampire mosquitoes (D:12)
  19 soldier ants
  10 water moccasins
  8 porcupines
  2 necrophages
  13 orc warriors
  An ice beast (D:5)
  7 black bears
  3 eyes of draining
  4 sky beasts
  4 ogres
  58 wolves
  4 boggarts (Lair:6)
  2 centaurs
  3 elf zombies (Ossuary)
  9 crocodiles
  4 big kobolds
  13 bullfrogs
  4 scorpions
  6 killer bees (D:7)
  5 wights (D:12)
  An electric eel (Lair:3)
  5 centaur zombies
  10 crimson imps
  2 lava snakes (Orc:1)
  2 draconian simulacra (IceCv)
  3 quasits
  A human zombie (Ossuary)
  10 jellies
  7 orc priests
  4 hounds
  A bullfrog skeleton (D:11)
  Terence (D:2)
  5 iguanas
  20 orc wizards
  2 spriggan simulacra (IceCv)
  31 worker ants
  2 troll simulacra (IceCv)
  3 mummies
  A hound skeleton (D:8)
  2 worker ant zombies (D:10)
  A howler monkey skeleton (D:10)
  9 gnolls
  2 naga simulacra (IceCv)
  2 ogre simulacra (IceCv)
  13 adders
  2 shadow imps
  9 oozes
  An adder zombie (D:8)
  An adder skeleton (D:4)
  4 worms
  3 dart slugs
  A leopard gecko (D:4)
  71 orcs
  19 bats
  3 giant cockroaches
  10 goblins
  7 hobgoblins
  19 jackals
  11 quokkas
  2 ball pythons
  7 frilled lizards
  A goblin zombie (D:7)
  A hobgoblin zombie (D:7)
  A jackal skeleton (D:4)
  20 kobolds
  A leopard gecko skeleton (D:6)
  A leopard gecko zombie (D:6)
  A quokka skeleton (D:8)
  6 rats
  2 bushes (Lair:6)
  3 fungi
  A plant (Lair:6)
756 creatures vanquished.

Vanquished Creatures (collateral kills)
  A two-headed ogre (D:11)
  A hornet (D:11)
  2 elf zombies (Ossuary)
  A centaur zombie (Ossuary)
  A quasit (D:11)
  A human zombie (Ossuary)
  A mummy (Ossuary)
8 creatures vanquished.

Vanquished Creatures (others)
  2 orc wizards
  19 fungi
  13 plants
34 creatures vanquished.

Grand Total: 798 creatures vanquished

Notes
Turn   | Place    | Note
-------+----------+-------------------------------------------
     0 | D:1      | AlphabetPasta the Centaur Berserker began the quest for the Orb.
     0 | D:1      | Reached XP level 1. HP: 19/19 MP: 1/1
    68 | D:1      | Reached XP level 2. HP: 24/26 MP: 2/2
   837 | D:1      | Reached ** piety under Trog
   926 | D:2      | Reached XP level 3. HP: 24/31 MP: 3/3
  1876 | D:2      | Noticed Terence
  1890 | D:2      | Killed Terence
  1890 | D:2      | Reached XP level 4. HP: 38/38 MP: 0/4
  2637 | D:3      | Reached XP level 5. HP: 44/46 MP: 5/5
  2673 | D:3      | Found an opulent altar of Gozag.
  2716 | D:3      | Reached *** piety under Trog
  3048 | D:4      | Found a staircase to the Ecumenical Temple.
  3152 | D:4      | Reached skill level 1 in Evocations
  3293 | D:4      | Reached XP level 6. HP: 17/52 MP: 6/6
  3501 | D:4      | Received a gift from Trog
  3844 | D:5      | Entered Level 5 of the Dungeon
  3913 | D:5      | Found Worez's Book Emporium.
  4093 | D:5      | Found a deep blue altar of Sif Muna.
  4155 | D:5      | Noticed an ice beast
  4171 | D:5      | Killed an ice beast
  4171 | D:5      | Reached skill level 5 in Axes
  4171 | D:5      | Reached XP level 7. HP: 35/60 MP: 8/8
  4432 | D:6      | Reached **** piety under Trog
  4737 | D:6      | Found a shattered altar of Ashenzari.
  4882 | D:6      | Reached skill level 5 in Fighting
  4882 | D:6      | Reached XP level 8. HP: 66/68 MP: 9/9
  5232 | D:7      | Reached skill level 1 in Bows
  5278 | D:7      | Reached skill level 2 in Bows
  5336 | D:7      | Found a sand-covered staircase.
  5407 | Ossuary  | Entered an ossuary
  5434 | Ossuary  | Noticed BigBall's ghost (amateur DEIE)
  5474 | Ossuary  | Reached skill level 3 in Bows
  5476 | Ossuary  | Killed BigBall's ghost
  5508 | Ossuary  | Reached skill level 4 in Bows
  5749 | Ossuary  | Reached XP level 9. HP: 40/74 MP: 11/11
  5969 | D:7      | Received a gift from Trog
  6323 | D:7      | Reached skill level 5 in Bows
  7208 | D:8      | Received a gift from Trog
  7315 | D:8      | Reached skill level 6 in Bows
  7561 | D:8      | Reached skill level 7 in Bows
  7564 | D:8      | Found an opulent altar of Gozag.
  7575 | D:8      | Found a glowing golden altar of the Shining One.
  7578 | D:8      | Found a glowing silver altar of Zin.
  7956 | D:8      | Reached XP level 10. HP: 61/84 MP: 13/13
  7979 | D:8      | Noticed a two-headed ogre
  7989 | D:8      | Killed a two-headed ogre
  8376 | D:8      | Found a blossoming altar of Fedhas.
  8592 | D:9      | Found a roughly hewn altar of Beogh.
  8594 | D:9      | Reached ***** piety under Trog
  8808 | D:9      | Reached skill level 8 in Bows
  9319 | D:9      | Reached skill level 5 in Evocations
  9444 | D:10     | Entered Level 10 of the Dungeon
  9444 | D:10     | Noticed a two-headed ogre
  9455 | D:10     | Killed a two-headed ogre
  9455 | D:10     | Reached skill level 9 in Bows
  9651 | D:10     | Found a staircase to the Orcish Mines.
  9654 | D:10     | Received a gift from Trog
  9795 | D:11     | Reached skill level 5 in Armour
  9830 | D:11     | Noticed a two-headed ogre
  9858 | D:11     | Killed a two-headed ogre
 10202 | D:11     | Reached XP level 11. HP: 92/92 MP: 15/15
 10294 | D:11     | Received a gift from Trog
 10421 | D:11     | Noticed a deep elf mage
 10472 | D:11     | Noticed a two-headed ogre
 10481 | D:11     | Killed a two-headed ogre
 10951 | D:11     | Killed a deep elf mage
 10951 | D:11     | Reached skill level 10 in Bows
 11080 | D:11     | Noticed a two-headed ogre
 11141 | D:11     | Killed a two-headed ogre
 11334 | D:11     | Noticed a brown ugly thing
 11348 | D:11     | Killed a brown ugly thing
 11649 | D:11     | Found a staircase to the Lair.
 12103 | D:11     | Killed an unseen horror
 12517 | D:11     | Reached skill level 10 in Axes
 12628 | D:12     | Found a frozen archway.
 12881 | IceCv    | Entered an ice cave
 12964 | IceCv    | Reached skill level 11 in Bows
 14498 | IceCv    | Identified a scroll of acquirement
 14499 | IceCv    | Got a polished centaur barding
 14505 | IceCv    | Identified the +0 centaur barding "Fanan" {rC+} (You acquired it in an ice cave)
 15281 | IceCv    | Noticed a necromancer
 15289 | IceCv    | Killed a necromancer
 15289 | IceCv    | Reached XP level 12. HP: 101/101 MP: 16/16
 15298 | IceCv    | Got a brightly glowing scale mail
 15408 | IceCv    | Identified the +4 scale mail of the Ban {MR++ Str+6 SInv} (You found it in an ice cave)
 15597 | D:12     | Noticed a two-headed ogre
 15611 | D:12     | Killed a two-headed ogre
 15810 | D:12     | Received a gift from Trog
 15859 | D:12     | Reached skill level 12 in Bows
 16197 | D:12     | Noticed a two-headed ogre
 16210 | D:12     | Killed a two-headed ogre
 16596 | Lair:1   | Entered Level 1 of the Lair of Beasts
 17149 | Lair:1   | Noticed a seven-headed hydra
 17161 | Lair:1   | Killed a seven-headed hydra
 17878 | Lair:2   | Found a hole to the Spider Nest.
 18099 | Lair:2   | Reached skill level 13 in Bows
 18497 | Lair:2   | Found a staircase to the Swamp.
 18886 | Lair:2   | Upgraded the game from 0.20-a0-338-g717130a to 0.20-a0-339-g8ddb3e8
 18887 | Lair:3   | Noticed a six-headed hydra
 18897 | Lair:3   | Killed a six-headed hydra
 18897 | Lair:3   | Reached XP level 13. HP: 91/111 MP: 18/18
 18933 | Lair:3   | Noticed Sonja
 19068 | Lair:3   | Killed Sonja
 19068 | Lair:3   | Received a gift from Trog
 20882 | Lair:4   | Noticed an entropy weaver
 20933 | Lair:4   | Killed an entropy weaver
 21223 | Lair:4   | Noticed an entropy weaver
 21263 | Lair:4   | Reached skill level 14 in Bows
 21447 | Lair:4   | Killed an entropy weaver
 21662 | Lair:4   | Received a gift from Trog
 23111 | Lair:5   | Received a gift from Trog
 23218 | Lair:5   | Reached skill level 10 in Fighting
 23222 | Lair:5   | Reached XP level 14. HP: 107/121 MP: 20/20
 23257 | Lair:5   | You fall through a shaft!
 23257 | Lair:6   | Entered Level 6 of the Lair of Beasts
 23275 | Lair:6   | Found a staircase to the Slime Pits.
 23605 | Lair:6   | Reached skill level 15 in Bows
 25005 | Lair:6   | Reached ****** piety under Trog
 25015 | Lair:6   | Received a gift from Trog
 26070 | Lair:6   | Reached skill level 16 in Bows
 26542 | Lair:6   | Received a gift from Trog
 27111 | Orc:1    | Entered Level 1 of the Orcish Mines
 27115 | Orc:1    | Noticed Snorg
 27329 | Orc:1    | Killed Snorg
 27460 | Orc:1    | Found a roughly hewn altar of Beogh.
 27509 | Orc:1    | Noticed Maurice
 27518 | Orc:1    | Killed Maurice
 27988 | Orc:1    | Reached XP level 15. HP: 128/128 MP: 21/21
 28029 | Orc:1    | Received a gift from Trog
 28472 | Orc:1    | Noticed a fire giant
 28492 | Orc:1    | HP: 7/193 [fire giant/fireball (22)]
 28493 | Orc:1    | Killed a fire giant
 28493 | Orc:1    | Reached skill level 10 in Armour
 28497 | Orc:1    | HP: 3/193 [cyclops (5)]
 28499 | Orc:1    | Mangled by a cyclops

Vault maps used:
D:1:      doesnt_arrival_goblin_jail, st_stairs_14, minmay_fountain_box
D:2:      uniq_terence
D:3:      nicolae_gozag_cash_rules_everything_around_me
D:5:      basic_altar, first_bread, serial_shops, shop_statue
D:6:      evilmike_ruin_ashenzari
D:7:      nicolae_ossuary_entry_giza
D:8:      kennysheep_little_box, grunt_temple_overflow_open
D:9:      special_room
D:10:     david_orc_2
D:11:     david_lair_generic
D:12:     portal_ice_cave_demonic_guard, hangedman_little_slice_of_home
Lair:2:   minmay_swamp_entry_worms, spider_nest_entry_webs, beast_lair_carwin_3,
          grunt_megastairs_3
Lair:3:   serial_bayou_shore_a, uniq_sonja
Lair:4:   zaba_anthell, lemuel_fruit_fields, lemuel_fruit_tree
Lair:5:   roderic_batcave, grunt_megastairs_5
Lair:6:   minmay_lair_end_enchanted_forest, minmay_slime_entry_pillars
Orc:1:    giant_chief_lemuel, kennysheep_orc_chapel, uniq_snorg, uniq_maurice
Ossuary:  ossuary_minmay_four_chambers
IceCv:    ice_cave_tombish

Skill      XL: |  1  2  3  4  5  6  7  8  9 10 11 12 13 14 15 |
---------------+----------------------------------------------+-----
Axes           | 3 4 5 6 7 9 10 11 12 13 | 13.8
Armour         | 2 3 4 5 6 7 8 9 10 | 10.0
Dodging        | 2 3 |  3.8
Evocations     | 1 2 3 4 5 6 7 8 9 |  9.0
Fighting       | 4 5 6 7 8 9 10 11 | 11.0
Bows           | 4 7 9 11 13 14 16 | 16.9

Action                   |  1- 3 |  4- 6 |  7- 9 | 10-12 | 13-15 || total
-------------------------+-------+-------+-------+-------+-------++-------
Melee: Hand axe          |   133 |   250 |   584 |    71 |       ||  1038
       Kick              |    20 |    57 |   169 |   227 |   332 ||   805
       Battleaxe         |       |       |       |   132 |       ||   132
       Broad axe         |       |       |       |   531 |   904 ||  1435
 Fire: Shortbow          |       |       |    17 |   393 |   476 ||   886
Invok: Berserk           |     1 |     1 |     3 |    17 |     8 ||    30
       Burn Spellbooks   |       |     2 |       |     2 |       ||     4
       Trog's Hand       |       |       |     1 |     2 |       ||     3
       Brothers in Arms  |       |       |     1 |     2 |       ||     3
 Abil: Evoke Flight      |       |       |       |       |     2 ||     2
Evoke: Wand              |     1 |       |     1 |     2 |     6 ||    10
  Use: Scroll            |     6 |     9 |     4 |    11 |     7 ||    37
       Potion            |       |       |     5 |     7 |     4 ||    16
 Stab: Confused          |       |       |       |     1 |       ||     1
       Invisible         |       |       |       |       |    11 ||    11
  Eat: Chunk             |     2 |     8 |    12 |    25 |    27 ||    74
       Royal jelly       |       |       |     1 |     1 |       ||     2
       Fruit             |       |       |     2 |     3 |     4 ||     9
       Bread ration      |       |       |       |     4 |       ||     4
       Pizza             |       |       |       |     1 |       ||     1
       Beef jerky        |       |       |       |       |     2 ||     2
Armor: Animal skin       |    36 |       |       |       |       ||    36
       Leather armour    |    10 |     4 |       |       |       ||    14
       Chain mail        |       |   173 |   401 |   458 |       ||  1032
       Scale mail        |       |     6 |       |   177 |   729 ||   912
Dodge: Dodged            |    80 |    88 |   176 |   273 |   395 ||  1012
